 Seeded DCSS version 0.30.0-16-gbe6223bb7e (webtiles) character file.

Game seed: 12735965570273765983 (custom seed)

103796 Pimp the Arsonist (level 15, 0/98 HPs)
             Began as a Demonspawn Fire Elementalist on May 19, 2023.
             Was a High Priest of Sif Muna.
             Slain by a demonic crawler (11 damage)
             ... on level 4 of the Spider Nest on May 20, 2023.
             The game lasted 02:08:14 (34069 turns).

Pimp the Arsonist (Demonspawn Fire Elementalist)   Turns: 34069, Time: 02:08:15

Health: 0/98       AC: 16    Str:  6 (8)  XL:     15   Next: 90%
Magic:  3/30       EV: 21    Int: 24 (25) God:    Sif Muna [*****.]
Gold:   1189       SH:  5    Dex: 22 (25) Spells: 5/37 levels left

rFire   . . .        d - +9 staff of Olgreb {rPois∞}
rCold   + . .        (no shield)
rNeg    . . .        G - +5 steam dragon scales
rPois   ∞            (helmet restricted)
rElec   .            (no cloak)
rCorr   .            i - +1 pair of gloves
SInv    .            c - +3 pair of mountain boots {steadfast, rC+}
Will    +....        T - amulet of reflection
Stlth   ++++         t - ring of wizardry
HPRegen 0.36/turn    Z - +6 ring of dexterity
MPRegen 0.22/turn

%: reflection, wizardry (x1)
@: about to teleport
A: antennae 2, thin skeletal structure 2, foul stench 1, demonic magic 2, clever
1, subdued magic 1
a: Renounce Religion, Evoke the Staff of Olgreb, Channel Magic, Forget Spell,
Divine Exegesis


You were on level 4 of the Spider Nest.
You worshipped Sif Muna.
Sif Muna was extremely pleased with you.
You visited 5 branches of the dungeon, and saw 23 of its levels.

You collected 2220 gold pieces.
You spent 1031 gold pieces at shops.

Inventory:

Hand Weapons
 d - the +9 staff of Olgreb (weapon) {rPois∞}
   (You acquired it on level 1 of the Dungeon)

   It enhances your poison magic.
   It grants immunity to poison.
   It can be activated via the 'a'bility menu to radiate toxic energy, with
   effectiveness depending on Evocations skill.
 n - the +7 staff of the Meek {protect, meekguard}
   (You found it on level 8 of the Dungeon)
 r - the +8 quarterstaff of Isuihytz {protect, Dex+4}
   (You found it on level 3 of the Spider Nest)

   Dex:       It affects your dexterity (+4).
 N - the +6 quarterstaff of Res Nullius {flame, *Corrode rElec rN+}
   (You bought it in a shop on level 2 of the Orcish Mines)

   rElec:     It insulates you from electricity.
   rN:        It protects you from negative energy.
   *Corrode:  It may corrode you when you take damage.
Armour
 c - the +3 pair of mountain boots (worn) {steadfast, rC+}
   (You acquired it on level 1 of the Dungeon)

   Steadfast: It prevents involuntary movement, except for blinking,
   teleportation, or banishment.
   rC:        It protects you from cold.
 i - a +1 pair of gloves (worn)
 l - a +0 helmet
 q - the +1 kite shield of Mirth {rPois}
   (You took it off Donald on level 2 of the Spider Nest)

   rPois:     It protects you from poison.
 G - +5 steam dragon scales (worn)
 M - the +1 pair of boots of Qazlal's Approval {-Cast +Blink Fly Regen+}
   (You found it on level 9 of the Dungeon)

   Fly:       It grants you flight.
   +Blink:    It lets you blink.
   -Cast:     It prevents spellcasting.
   Regen:     It increases your rate of health regeneration.
 X - the +3 pair of seven-league boots {Rampage+∞}
   (You found it on level 2 of the Lair of Beasts)

   Rampage+∞: When moving toward enemies, its wearer moves as far as possible,
   alerting their target en route.
Magical Staves
 v - a staff of conjuration
 S - the staff of poison "Bium" {Fly rPois rC+ Int-5 Dex+5}
   (You bought it in a shop on level 11 of the Dungeon)

   [staff of poison]

   Base accuracy: +5 Base damage: 5 Base attack delay: 1.2 This weapon's minimum
   attack delay (0.6) is reached at skill level 12.
   Int:       It affects your intelligence (-5).
   Dex:       It affects your dexterity (+5).
   rC:        It protects you from cold.
   rPois:     It protects you from poison.
   Fly:       It grants you flight.
   It falls into the 'Staves' category.
   It is a one-handed weapon.
Jewellery
 p - a ring of positive energy
 s - the amulet of Yrazoxe {Spirit *Slow rN+ Int+5 Stlth+}
   (You found it on level 9 of the Dungeon)

   [amulet of guardian spirit]

   It causes incoming damage to be divided between your reserves of health and
   magic.
   Int:       It affects your intelligence (+5).
   rN:        It protects you from negative energy.
   *Slow:     It may slow you when you take damage.
   Stlth:     It makes you more stealthy.
 t - a ring of wizardry (left hand)
 K - a ring of wizardry
 L - an amulet of magic regeneration
 R - a ring of protection from fire
 T - an amulet of reflection (around neck)
 Y - a ring of protection from cold
 Z - a +6 ring of dexterity (right hand)
Wands
 f - a wand of light (3)
 u - a wand of iceblast (23) (quivered)
 B - a wand of digging (5)
 F - a wand of paralysis (28)
 H - a wand of flame (41)
 O - a wand of polymorph (11)
 W - a wand of mindburst (15)
Scrolls
 a - 7 scrolls of identify
 b - 2 scrolls of amnesia
 j - a scroll of immolation
 o - 2 scrolls of enchant weapon
 x - 2 scrolls of poison
 D - 6 scrolls of teleportation
 P - 2 scrolls of fog
 U - 5 scrolls of magic mapping
Potions
 e - 2 potions of degeneration
 h - 2 potions of curing
 w - 3 potions of lignification
 z - 3 potions of brilliance
 C - 3 potions of might
 J - 5 potions of attraction
 V - a potion of resistance
Miscellaneous
 k - a condenser vane


   Skills:
 * Level 3.4 Fighting
 - Level 5.7 Staves
 - Level 11.0 Dodging
 - Level 1.7 Stealth
 - Level 9.0 Shields
 - Level 11.7 Spellcasting
 - Level 12.1 Conjurations
 - Level 12.5 Fire Magic
 - Level 2.4 Air Magic
 - Level 10.0 Evocations


You had 5 spell levels left.
You knew the following spells:

 Your Spells              Type           Power      Damage    Failure   Level
a - Foxfire               Conj/Fire      100%       2x1d9     0%          1
b - Scorch                Fire           100%       2d9       0%          2
c - Flame Wave            Conj/Fire      54%        2d13      1%          4
d - Starburst             Conj/Fire      27%        6d9       1%          6
e - Orb of Destruction    Conj           27%        9d9       9%          7
f - Conjure Ball Lightni  Conj/Air       18%        3x3d6     12%         6
g - Statue Form           Tmut/Erth      6%         N/A       91%         6

Your spell library contained the following spells:

 Spells                   Type           Power      Damage    Failure   Level
 Magic Dart               Conj           100%       1d8       0%          1
 Freeze                   Ice            40%        1d6       1%          1
 Shock                    Conj/Air       100%       1d9       1%          1
 Slow                     Hex            40%        N/A       1%          1
 Summon Small Mammal      Summ           40%        N/A       1%          1
 Cigotuvi's Dreadful Rot  Necr/Pois/Air  40%        N/A       1%          2
 Poisonous Vapours        Pois/Air       46%        N/A       1%          2
 Static Discharge         Conj/Air       74%        2-6/arc   1%          2
 Dazzling Flash           Conj/Hex       66%        N/A       1%          3
 Hailstorm                Conj/Ice       33%        3d8       1%          3
 Inner Flame              Hex/Fire       34%        N/A       1%          3
 Mephitic Cloud           Conj/Pois/Air  43%        N/A       1%          3
 Stone Arrow              Conj/Erth      66%        3d11      1%          3
 Volatile Blastmotes      Fire/Tloc      68%        2d15      1%          3
 Iskenderun's Mystic Bla  Conj/Tloc      33%        2d8       1%          4
 Arcjolt                  Conj/Air       18%        1d28      1%          5
 Fireball                 Conj/Fire      27%        3d12      1%          5
 Iskenderun's Battlesphe  Conj           54%        2d10      1%          5
 Call Imp                 Summ           20%        N/A       2%          2
 Lesser Beckoning         Tloc           20%        N/A       2%          2
 Sublimation of Blood     Necr           10%        N/A       2%          2
 Wereblood                Tmut           10%        N/A       2%          2
 Vhi's Electric Charge    Tloc/Air       30%        N/A       2%          3
 Call Canine Familiar     Summ           10%        N/A       4%          3
 Confusing Touch          Hex            10%        N/A       4%          3
 Gell's Gravitas          Tloc           10%        N/A       4%          3
 Summon Guardian Golem    Hex/Summ       10%        N/A       4%          3
 Teleport Other           Tloc           10%        N/A       4%          3
 Vampiric Draining        Necr           10%        2d6       4%          3
 Airstrike                Air            9%         2d(2-18)  5%          4
 Freezing Cloud           Conj/Ice/Air   14%        6-21      6%          5
 Passage of Golubria      Tloc           10%        N/A       16%         4
 Petrify                  Tmut/Erth      10%        N/A       16%         4
 Summon Ice Beast         Ice/Summ       10%        N/A       16%         4
 Silence                  Hex/Air        7%         N/A       26%         5
 Metabolic Englaciation   Hex/Ice        5%         N/A       38%         5
 Summon Forest            Summ/Tloc      5%         N/A       38%         5
 Plasma Beam              Fire/Air       19%        2x1d33    11%         6
 Iron Shot                Conj/Erth      16%        9d4       21%         6
 Spellforged Servitor     Conj/Summ      16%        N/A       71%         7
 Simulacrum               Ice/Necr       5%         N/A       91%         6
 Malign Gateway           Summ/Tloc      5%         N/A       100%        7
 Summon Hydra             Summ           5%         N/A       100%        7
 Lehudib's Crystal Spear  Conj/Erth      16%        10d5      100%        8
 Maxwell's Capacitive Co  Air            9%         ∞         100%        8
 Chain Lightning          Conj/Air       18%        3d24      100%        9
 Fire Storm               Conj/Fire      27%        8d7       100%        9
 Polar Vortex             Ice            5%         N/A       100%        9
 Shatter                  Erth           5%         3d8*      100%        9


Dungeon Overview and Level Annotations

Branches:
Dungeon (11/15)            Temple (1/1) D:5            Lair (5/5) D:11
 Shoals (0/4) Lair:3       Spider (4/4) Lair:2        Slime (0/5) Lair:5
    Orc (2/2) D:9             Elf (0/3) Orc:2

Altars:
Dithmenos
Fedhas
Hepliaklqana
Kikubaaqudgha
Makhleb
Nemelex Xobeh
Qazlal
Ru
Sif Muna
Uskayaw
Vehumet
Wu Jian
Xom
Yredelemnul
Jiyva
Lugonu

Shops:
D:11 *   Orc:2 (??[(

Portals:
Abyss: Lair:5
Trove: D:11 (give +6 demon whip)

Annotations:
D:5 2 transporters, ystael's ghost, novice MiFi
Spider:4 Aizul
Orc:2 3 runed translucent doors, Pimp's ghost, journeyman FoFi


Innate Abilities, Weirdness & Mutations

You have a pair of antennae on your head.
You have a moderately thin skeletal structure. (Dex +4, Stealth++)
You may rarely emit foul miasma when damaged in melee.
Spells you cast may paralyse nearby enemies.
Your mind is acute. (Int +4, Str/Dex -1)
Your spells are a little easier to cast, but a little less powerful.


Message History

Confirm with . or Enter, or press ? or * to list all spells.
Casting: Starburst (dangerous; 1% risk of failure)
Press: ? - help, Dir - look around, f - activate The bolt of fire misses the demonic crawler.
Malevolent energies surge around you.
The demonic crawler hits you but does no damage.
The demonic crawler barely misses you. The demonic crawler closely misses you.
Okay, then.
You hit the demonic crawler but do no damage.
You envenom the demonic crawler!
The demonic crawler looks even sicker.
The demonic crawler is severely wounded.
The demonic crawler hits you! You block the demonic crawler's attack.
The demonic crawler closely misses you.
You hit the demonic crawler but do no damage.
You envenom the demonic crawler!
The demonic crawler looks even sicker.
The demonic crawler is severely wounded.
You are no longer corroded.
The demonic crawler misses you.
The demonic crawler hits you but does no damage.
The demonic crawler hits you!
* * * LOW HITPOINT WARNING * * *
You feel better.
The demonic crawler completely misses you.
The demonic crawler hits you!
* * * LOW HITPOINT WARNING * * *
You block the demonic crawler's attack.
The demonic crawler hits you but does no damage.
The demonic crawler barely misses you. The demonic crawler misses you.
As you read the scroll of teleportation, it crumbles to dust.
You feel strangely unstable. The demonic crawler closely misses you.
The demonic crawler completely misses you. x2
You fail to use your ability.
The demonic crawler completely misses you.
The demonic crawler closely misses you. The demonic crawler barely misses you.
The demonic crawler attacks as you move away!
The demonic crawler hits you!
* * * LOW HITPOINT WARNING * * *
The demonic crawler completely misses you.
The demonic crawler barely misses you. The demonic crawler hits you!
You die...

#^ #. #. ###### ### #### #^##
##.#..## ##.###.^###..###
#..^..^###
#..#.....##^.#.###.....^.^.
##.........##...##..^.##....
###..........^....##..#.#.....
##.........^##@s......####.^...
#..........##........##.....^..
#.....#..^.###.###..####...^###
##^....##...# ####^.## ######
#.......##### #### #^......#
###...^#..# ..##...####
...^.^...# #####


You could see a demonic crawler (very poisoned).

Vanquished Creatures
  Donald (Spider:2)
  2 emperor scorpions
  2 ghost moths
  A broodmother (Spider:2)
  A spark wasp (Spider:3)
  A bunyip (shapeshifter) (Lair:5)
  5 entropy weavers
  A catoblepas (Lair:2)
  2 radroaches
  2 two-headed ogres (D:10)
  3 hydras
  4 boulder beetles
  3 death yaks (Lair:3)
  Urug (Lair:4)
  3 orc high priests (Orc:2)
  Sonja (Lair:5)
  Nergalle (D:11)
  3 skysharks
  3 thrashing horrors
  3 large abominations (Lair:5)
  2 sun moths (Spider:3)
  6 orb spiders
  6 steelbarb worms
  14 wolf spiders
  4 orc knights (Orc:2)
  An ugly thing (Lair:5)
  6 orc sorcerers
  A cyclops (D:9)
  A merfolk siren (Lair:3)
  14 elephants
  A guardian serpent (Lair:2)
  4 torpor snails
  A moth of wrath (Spider:4)
  5 black mambas
  6 demonic crawlers
  8 cane toads
  Maggie (D:7)
  An unseen horror (D:11)
  3 rime drakes
  11 komodo dragons
  2 ancient zymes (Lair:5)
  A meliai (shapeshifter) (Lair:5)
  5 trolls
  A hornet (D:7)
  A polar bear (Lair:5)
  13 tarantellas
  24 blink frogs
  32 jumping spiders
  2 dream sheep (Lair:5)
  2 spriggans (Lair:5)
  A shadow (D:9)
  3 ynoxinuls (Lair:5)
  20 culicivoras
  3 fire bats (Lair:4)
  Eustachio (D:6)
  7 basilisks
  22 yaks
  8 wyverns
  2 chaos spawn (Lair:5)
  54 redbacks
  Edmund (D:6)
  10 water moccasins
  5 wargs (Orc:2)
  2 acid dragons
  27 orc warriors
  An ice beast (D:7)
  A sky beast (D:7)
  5 black bears
  2 ogres
  16 wolves
  A phantom (D:5)
  A kobold brigand (D:10)
  13 bullfrogs
  2 gnoll sergeants (D:9)
  5 scorpions
  7 wights
  9 killer bees
  2 howler monkeys
  2 electric eels
  14 small abominations (Lair:5)
  A jelly (D:6)
  20 orc priests
  6 hounds
  A gnoll bouda (D:5)
  4 sleepcaps
  Jessica (D:3)
  Terence (D:2)
  An iguana (D:6)
  22 orc wizards
  17 adders
  17 gnolls
  A shadow imp (D:7)
  A white imp (D:6)
  2 ufetubi (D:6)
  2 worms
  A dart slug (D:3)
  85 orcs
  8 ball pythons
  7 bats
  4 endoplasms
  2 giant cockroaches
  9 goblins
  6 hobgoblins
  7 jackals
  11 kobolds
  7 quokkas
  4 frilled lizards
  5 rats
722 creatures vanquished.

Vanquished Creatures (others)
  A broodmother (Spider:3)
  An orc priest (Orc:2)
  412 foxfires
414 creatures vanquished.

Grand Total: 1136 creatures vanquished

Notes
Turn   | Place    | Note
-------+----------+-------------------------------------------
     0 | D:1      | Pimp the Demonspawn Fire Elementalist began the quest for
                  | the Orb.
     0 | D:1      | Reached XP level 1. HP: 13/13 MP: 3/3
    53 | D:1      | Identified 2 scrolls of acquirement
    53 | D:1      | Acquired the +9 staff of Olgreb {rPois∞}
    53 | D:1      | Found the +9 staff of Olgreb {rPois∞}
    55 | D:1      | Acquired the +3 pair of mountain boots {steadfast, rC+}
    55 | D:1      | Found the +3 pair of mountain boots {steadfast, rC+}
   126 | D:1      | Gained mutation: Spells you cast may paralyse adjacent
                  | enemies. [demonic ancestry]
   126 | D:1      | Reached XP level 2. HP: 19/19 MP: 0/5
   851 | D:1      | Reached XP level 3. HP: 24/24 MP: 1/6
  1048 | D:2      | Found a stormy altar of Qazlal.
  1078 | D:2      | Reached skill level 1 in Evocations
  1082 | D:2      | Noticed Terence
  1099 | D:2      | Killed Terence
  1343 | D:2      | Gained mutation: You may rarely emit foul miasma when
                  | damaged in melee. [demonic ancestry]
  1343 | D:2      | Reached XP level 4. HP: 26/30 MP: 5/7
  2072 | D:2      | Learned a level 2 spell: Scorch
  2136 | D:3      | Noticed Jessica
  2143 | D:3      | Killed Jessica
  2431 | D:3      | Reached XP level 5. HP: 35/35 MP: 1/9
  3234 | D:4      | Found a basalt altar of Yredelemnul.
  3403 | D:4      | Found a radiant altar of Vehumet.
  3491 | D:4      | Found a blossoming altar of Fedhas.
  3633 | D:4      | Found a shadowy altar of Dithmenos.
  3844 | D:4      | Found a hazy altar of Hepliaklqana.
  3874 | D:5      | Entered Level 5 of the Dungeon
  4032 | D:5      | Found an ornate altar of the Wu Jian Council.
  4067 | D:5      | Found a hide-covered altar of Uskayaw.
  4100 | D:4      | Reached XP level 6. HP: 37/41 MP: 5/10
  4126 | D:5      | Reached skill level 1 in Staves
  4295 | D:5      | Identified the +2 scimitar of Qeapla {drain, Drain rF++
                  | Str+3 Stlth+}
  4371 | D:5      | Found a transporter.
  4372 | D:5      | Noticed ystael's ghost (novice MiFi)
  4372 | D:5      | Identified the +6 great mace "Zabrocita" {flame, rPois rF-
                  | Str+3}
  4609 | D:5      | Found a transporter.
  4684 | D:5      | Found a staircase to the Ecumenical Temple.
  4791 | Temple   | Entered the Ecumenical Temple
  4812 | Temple   | Became a worshipper of Sif Muna the Loreminder
  5076 | D:6      | Noticed Eustachio
  5081 | D:6      | Gained mutation: You have a somewhat thin skeletal
                  | structure. (Dex +2, Stealth+) [demonic ancestry]
  5081 | D:6      | Reached XP level 7. HP: 46/46 MP: 4/12
  5183 | D:6      | Killed Eustachio
  5362 | D:6      | Gained mutation: You have a pair of small antennae on your
                  | head. [demonic ancestry]
  5362 | D:6      | Reached XP level 8. HP: 45/52 MP: 13/13
  5541 | D:6      | Reached * piety under Sif Muna
  5734 | D:6      | Noticed Edmund
  5751 | D:6      | Killed Edmund
  6025 | D:6      | Reached skill level 5 in Evocations
  6623 | D:7      | Noticed a hornet
  6632 | D:7      | Killed a hornet
  6633 | D:7      | Reached skill level 5 in Fire Magic
  6636 | D:7      | Gained mutation: You have a pair of antennae on your head.
                  | [demonic ancestry]
  6636 | D:7      | Reached XP level 9. HP: 25/57 MP: 10/15
  6851 | D:7      | Noticed Maggie
  6860 | D:7      | Killed Maggie
  7010 | D:7      | Reached ** piety under Sif Muna
  7260 | D:7      | Reached skill level 5 in Conjurations
  7404 | D:7      | Learned a level 4 spell: Flame Wave
  7465 | D:7      | Reached skill level 5 in Spellcasting
  7703 | D:8      | Reached skill level 5 in Dodging
  8043 | D:8      | Found a sparkling altar of Nemelex Xobeh.
  8305 | D:8      | Reached XP level 10. HP: 58/63 MP: 14/18
  8415 | D:8      | Found the +7 staff of the Meek {protect, meekguard}
  8579 | D:9      | Found an ancient bone altar of Kikubaaqudgha.
  8582 | D:9      | Identified the amulet of Yrazoxe {Spirit *Slow rN+ Int+5
                  | Stlth+}
  8664 | D:9      | Reached *** piety under Sif Muna
  8917 | D:9      | Found a staircase to the Orcish Mines.
  9303 | D:9      | Noticed a cyclops
  9317 | D:9      | Killed a cyclops
  9510 | D:9      | Reached skill level 5 in Staves
  9700 | D:9      | Identified the +1 pair of boots of Qazlal's Approval {-Cast
                  | +Blink Fly Regen+}
  9945 | D:10     | Entered Level 10 of the Dungeon
 10305 | D:10     | Noticed a two-headed ogre
 10315 | D:10     | Killed a two-headed ogre
 10449 | D:10     | Noticed a two-headed ogre
 10462 | D:10     | Killed a two-headed ogre
 10463 | D:10     | Reached XP level 11. HP: 68/68 MP: 6/20
 10959 | Orc:1    | Entered Level 1 of the Orcish Mines
 10961 | Orc:1    | Reached **** piety under Sif Muna
 11061 | Orc:1    | Noticed an orc sorcerer
 11068 | Orc:1    | Killed an orc sorcerer
 11435 | Orc:2    | Entered Level 2 of the Orcish Mines
 11615 | Orc:2    | Found a runed translucent gate.
 11615 | Orc:2    | Found a runed translucent gate.
 11615 | Orc:2    | Found a runed translucent gate.
 11618 | Orc:2    | Noticed Pimp's ghost (journeyman FoFi)
 11685 | Orc:2    | Noticed an orc sorcerer
 11694 | Orc:2    | Killed an orc sorcerer
 11726 | Orc:2    | Found a staircase to the Elven Halls.
 11975 | Orc:2    | Found a burning altar of Makhleb.
 11984 | Orc:2    | Noticed an orc knight
 11995 | Orc:2    | Killed an orc knight
 12101 | Orc:2    | Reached ***** piety under Sif Muna
 12336 | Orc:2    | Found Gaysuqaka's Antique Weapon Emporium.
 12344 | Orc:2    | Bought an iridescent quarterstaff for 297 gold pieces
 12344 | Orc:2    | Identified the +6 quarterstaff of Res Nullius {flame,
                  | *Corrode rElec rN+} (You bought it in a shop on level 2 of
                  | the Orcish Mines)
 12387 | Orc:2    | Noticed an orc high priest
 12398 | Orc:2    | Killed an orc high priest
 12629 | Orc:2    | Noticed an orc knight
 12639 | Orc:2    | Noticed an orc high priest
 12641 | Orc:2    | Noticed a sixfirhy
 12644 | Orc:2    | Noticed a sun demon
 12649 | Orc:2    | Killed an orc high priest
 12650 | Orc:2    | Reached skill level 10 in Evocations
 12920 | Orc:2    | Received a gift from Sif Muna
 12921 | Orc:2    | Got Sif Muna's Textbook on the Serac {god gift}
 13089 | Orc:2    | Noticed an orc knight
 13111 | Orc:2    | Killed an orc knight
 13510 | Orc:1    | Noticed an orc sorcerer
 13518 | Orc:1    | Killed an orc sorcerer
 13649 | Orc:2    | Killed an orc knight
 13715 | Orc:2    | Noticed an orc sorcerer
 13715 | Orc:2    | Noticed an orc high priest
 13716 | Orc:2    | Paralysed by an orc sorcerer for 4 turns
 13718 | Orc:2    | Noticed a sixfirhy
 13720 | Orc:2    | Noticed a sixfirhy
 13732 | Orc:2    | Killed an orc high priest
 13741 | Orc:2    | Killed an orc sorcerer
 13742 | Orc:2    | Reached XP level 12. HP: 16/74 MP: 2/23
 13983 | Orc:2    | Paralysed by an orc sorcerer for 5 turns
 14274 | Orc:2    | Found Zumy's Antique Weapon Emporium.
 14274 | Orc:2    | Found Peifyora's Magic Scroll Boutique.
 14276 | Orc:2    | Found Muarerph's Antique Armour Emporium.
 14276 | Orc:2    | Found Cuqocuf's Magic Scroll Boutique.
 14287 | Orc:2    | Bought a scroll of blinking for 112 gold pieces
 14287 | Orc:2    | Bought a scroll of poison for 60 gold pieces
 14287 | Orc:2    | Bought a scroll of summoning for 142 gold pieces
 14287 | Orc:2    | Bought a scroll of fear for 60 gold pieces
 14940 | D:11     | Noticed Nergalle
 14951 | D:11     | Killed Nergalle
 15014 | D:11     | Got the Catalogue of Cold
 15021 | D:11     | Found a staircase to the Lair.
 15150 | D:11     | Noticed a boulder beetle
 15161 | D:11     | Killed a boulder beetle
 15201 | D:11     | Found a portal to a secret trove of treasure.
 15624 | D:11     | Noticed a boulder beetle
 15633 | D:11     | Killed a boulder beetle
 15761 | D:11     | Found Notzoick's Assorted Antiques.
 15770 | D:11     | Bought a slimy staff for 360 gold pieces
 15770 | D:11     | Identified the staff of poison "Bium" {Fly rPois rC+ Int-5
                  | Dex+5} (You bought it in a shop on level 11 of the Dungeon)
 16029 | Lair:1   | Entered Level 1 of the Lair of Beasts
 17232 | Lair:2   | Noticed a catoblepas
 17243 | Lair:2   | Killed a catoblepas
 17507 | Lair:2   | Found a hole to the Spider Nest.
 17745 | Lair:2   | Learned a level 6 spell: Starburst
 18020 | Lair:2   | Gained mutation: Spells you cast may paralyse nearby
                  | enemies. [demonic ancestry]
 18020 | Lair:2   | Reached XP level 13. HP: 63/79 MP: 11/26
 18411 | Lair:2   | Found the +3 pair of seven-league boots {Rampage+∞}
 19100 | Lair:3   | Reached skill level 10 in Conjurations
 19521 | Lair:3   | Found a staircase to the Shoals.
 20087 | Lair:3   | Reached skill level 10 in Fire Magic
 20731 | Lair:4   | Received a gift from Sif Muna
 20743 | Lair:4   | Got Sif Muna's Spellbook of Damage and the Band {god gift}
 20826 | Lair:4   | Found a dark tunnel.
 21101 | Lair:4   | Reached skill level 10 in Dodging
 21101 | Lair:4   | Reached skill level 10 in Spellcasting
 21698 | Lair:4   | Noticed Urug
 21713 | Lair:4   | Gained mutation: You occasionally lose the ability to drink
                  | potions when taking damage. [potion of mutation]
 21713 | Lair:4   | Gained mutation: You have large cloven feet. [potion of
                  | mutation]
 21713 | Lair:4   | Gained mutation: You have hoof-like feet. [potion of
                  | mutation]
 21714 | Lair:4   | Lost mutation: You occasionally lose the ability to drink
                  | potions when taking damage. [potion of mutation]
 21714 | Lair:4   | Lost mutation: You have hoof-like feet. [potion of
                  | mutation]
 21714 | Lair:4   | Gained mutation: You expend magic power (3 MP) to
                  | strengthen your wands. [potion of mutation]
 21719 | Lair:4   | Killed Urug
 22117 | Lair:4   | Learned a level 7 spell: Orb of Destruction
 22176 | Lair:5   | Entered Level 5 of the Lair of Beasts
 22306 | Lair:5   | Gained mutation: You have a moderately thin skeletal
                  | structure. (Dex +4, Stealth++) [demonic ancestry]
 22306 | Lair:5   | Reached XP level 14. HP: 64/85 MP: 11/28
 23422 | Lair:5   | Found a corrupted altar of Lugonu.
 23422 | Lair:5   | Found a one-way gate to the infinite horrors of the Abyss.
 23698 | Lair:4   | Upgraded the game from 0.30.0-15-g856e2d3f33 to
                  | 0.30.0-16-gbe6223bb7e
 23927 | Lair:5   | Received a gift from Sif Muna
 23930 | Lair:5   | Got Qaexuges's Vellum of Displaced Exhalation {god gift}
 24349 | Lair:5   | Noticed Sonja
 24355 | Lair:5   | Killed Sonja
 24473 | Lair:5   | Found a viscous altar of Jiyva.
 24474 | Lair:5   | Found a staircase to the Slime Pits.
 25815 | Spider:1 | Entered Level 1 of the Spider Nest
 26233 | Lair:2   | Learned a level 6 spell: Conjure Ball Lightning
 26245 | Spider:1 | Killed a ghost moth
 26612 | Spider:1 | Reached skill level 1 in Air Magic
 26841 | Spider:1 | HP: 1/85 [disintegration (37)]
 27420 | Spider:1 | Learned a level 6 spell: Statue Form
 28027 | Spider:2 | Noticed a broodmother
 28287 | Spider:2 | Reached XP level 15. HP: 84/90 MP: 18/30
 28720 | Spider:2 | Identified the +1 kite shield of Mirth {rPois}
 28720 | Spider:2 | Noticed Donald
 28837 | Spider:2 | Killed Donald
 28971 | Spider:2 | Reached skill level 1 in Shields
 29130 | Spider:2 | Received a gift from Sif Muna
 29134 | Spider:2 | Got Fyrhu's Encyclopedia of Anemomancy {god gift}
 29160 | Spider:2 | Lost mutation: You have large cloven feet. [potion of
                  | mutation]
 29160 | Spider:2 | Lost mutation: You expend magic power (3 MP) to strengthen
                  | your wands. [potion of mutation]
 29160 | Spider:2 | Gained mutation: Your spells are a little easier to cast,
                  | but a little less powerful. [potion of mutation]
 29160 | Spider:2 | Gained mutation: Your mind is acute. (Int +4, Str/Dex -1)
                  | [potion of mutation]
 29725 | Spider:3 | Identified the +8 quarterstaff of Isuihytz {protect, Dex+4}
 29752 | Spider:3 | Reached skill level 5 in Shields
 30940 | Spider:3 | HP: 2/90 [something (8)]
 31296 | Spider:4 | Entered Level 4 of the Spider Nest
 31301 | Spider:4 | Noticed Aizul
 31643 | Spider:3 | Noticed an emperor scorpion
 31999 | Spider:3 | Killed an emperor scorpion
 32428 | Spider:3 | Received a gift from Sif Muna
 33404 | Spider:4 | Reached skill level 1 in Fighting
 33582 | Spider:4 | Noticed an emperor scorpion
 33588 | Spider:4 | Killed an emperor scorpion
 34069 | Spider:4 | Slain by a demonic crawler

Illustrated notes

Levels and vault maps discovered:
D:1:      dpeg_arrival_long_road, layout_loops_cross, hex_tiny
D:2:      minmay_evil_eye, layout_basic, basic_altar, minmay_ruptured,
          uniq_terence
D:3:      layout_loops_ring, minmay_surrounded, uniq_jessica
D:4:      layout_cave_pools, mainiacjoe_overflow_brackets,
          mainiacjoe_overflow_24_doors, mainiacjoe_overflow_catwalk, minitemple
D:5:      layout_basic, eat_drink_and_be_merry_uskayaw, kennysheep_little_box,
          minmay_temple_entry_glassed_door, gammafunk_ghost_smash, minivault_25
D:6:      old_forge, layout_loops_corners, uniq_edmund, uniq_eustachio
D:7:      minmay_angry_zag, layout_loops_ring, mainiacjoe_overflow_alcove_2,
          uniq_maggie
D:8:      layout_basic, nemelex_diamond_rough_becter, pf_guarded_unrand_meek
D:9:      layout_basic, tso_altar, old_standard_altar, erik_orc_2
D:10:     hellmonk_crumbling_castle, layout_irregular_city
D:11:     layout_loops_ring, minmay_lair_entry_grove, enter_trove_0,
          serial_shops, shop, nzn_sisyphean_effort, uniq_nergalle
Temple:   jpeg_temple_clearing
Lair:1:   layout_cave_pods
Lair:2:   layout_gridlike, hellmonk_spider_entry_life_and_decay,
          nicolae_quartered_pool_medium, chequers_serial_rivers_micro_a,
          dreamdust_mushroom_princess,
          hellmonk_guarded_unrand_seven_league_boots
Lair:3:   layout_regular_city, elwin_shoals_entry_rooms, serial_bayou_pond_b
Lair:4:   minmay_lair_venomous_thicket, layout_regular_city,
          nicolae_volcano_entry_batcave, uniq_urug
Lair:5:   hellmonk_lair_end_abyssal_woods, layout_regular_city, slime_entry_1,
          gauntlet_entry_generic, serial_bayou_shore_a, grunt_megastairs_2,
          lemuel_fruit_tree, uniq_sonja
Spider:1: layout_chambers
Spider:2: layout_spider_delve, uniq_donald
Spider:3: layout_spider_delve, drop_trap
Spider:4: hellmonk_spider_rune_bug_friends, gammafunk_ghost_cemetery, drop_trap,
          nicolae_spider_cling_ruins, uniq_aizul
Orc:1:    layout_caves
Orc:2:    grunt_orc_tribal_feast, layout_caves, basic_altar,
          ebering_ghost_rock_garden, serial_shops, shop, mines5_lemuel

Skill      XL: |  1  2  3  4  5  6  7  8  9 10 11 12 13 14 15 |
---------------+----------------------------------------------+-----
Dodging        | 2 3 4 5 6 7 9 10 11 | 11.0
Evocations     | 1 2 3 4 5 7 8 10 | 10.0
Fire Magic     | 3 4 5 6 7 9 10 12 | 12.5
Conjurations   | 2 3 4 5 6 8 9 11 12 | 12.1
Spellcasting   | 3 4 5 6 7 9 10 11 | 11.7
Staves         | 1 2 3 4 5 |  5.7
Air Magic      | 2 |  2.4
Shields        | 9 |  9.0
Fighting       | 3 |  3.4
Stealth        | |  1.7

Action                     |  1- 3 |  4- 6 |  7- 9 | 10-12 | 13-15 || total
---------------------------+-------+-------+-------+-------+-------++-------
  Melee: Staff             |    31 |    78 |   156 |   343 |   437 ||  1045
         Punch             |       |       |     2 |     5 |     3 ||    10
   Cast: Foxfire           |    42 |    85 |    15 |    78 |    45 ||   265
         Scorch            |       |     1 |    26 |    25 |    58 ||   110
         Starburst         |       |       |       |     1 |    96 ||    97
         Flame Wave        |       |       |       |       |     8 ||     8
         Orb of Destructio |       |       |       |       |    34 ||    34
 Invoke: Channel Magic     |       |       |       |       |     1 ||     1
Ability: Evoke the Staff o |     2 |     3 |    11 |    76 |   136 ||   228
  Evoke: Wand              |       |       |       |     1 |    11 ||    12
    Use: Scroll            |     3 |     4 |     8 |     5 |    19 ||    39
         Potion            |       |       |     1 |     3 |    21 ||    25
   Stab: Paralysed         |     6 |    14 |    16 |    21 |    37 ||    94
         Sleeping          |     1 |     2 |     4 |     9 |    11 ||    27
         Distracted        |       |       |       |       |     1 ||     1
 Armour: Robe              |    14 |    16 |       |       |       ||    30
         Leather armour    |       |     3 |    50 |       |       ||    53
         Steam dragon scal |       |       |    20 |   130 |   264 ||   414
  Dodge: Dodged            |    28 |    57 |   117 |   288 |   643 ||  1133
  Block: Other             |       |       |       |       |    48 ||    48
         Kite shield       |       |       |       |       |   180 ||   180
